 Dungeon Crawl Stone Soup version 0.17-a0-483-g810ce3f (webtiles) character file.

275204 xgamer67 the Executioner (level 19, -5/163 HPs)
             Began as a Minotaur Berserker on Apr 6, 2015.
             Was the Champion of Trog.
             Killed from afar by a raiju (19 damage)
             ... with a living lightning
             ... on level 5 of the Abyss on Apr 8, 2015.
             The game lasted 03:01:14 (35642 turns).

xgamer67 the Executioner (Minotaur Berserker)      Turns: 35642, Time: 03:01:14

Health: -5/163     AC: 23    Str: 22    XL:     19   Next: 93%
Magic:  18/18      EV: 25    Int:  0    God:    Trog [******]
Gold:   2625       SH:  0    Dex: 21    Spells: 0 memorised, 18 levels left

rFire  + . .     SeeInvis +     r - +8 battleaxe (chop)
rCold  + . .     Clarity  .     R - +7 chain mail "Inwil" {rF+ rC+ Regen+}
rNeg   . . .     SustAb   .     (no shield)
rPois  +         Gourm    .     Y - +0 mask of the Dragon {MR+ Slay+3 SInv}
rElec  .         Spirit   .     v - +0 cloak
rCorr  .         Warding  .     o - +1 pair of gloves {Dex+3}
rMut   +         Stasis   .     A - +2 pair of boots {run}
MR     ++...                    y - amulet of resist mutation
Stlth  ..........               s - ring of poison resistance
                                X - ring "Tilesos" {Wiz Slay+3}

@: flying, very slightly contaminated, non-regenerating, badly diseased, lost
intelligence, very slow, very resistant to hostile enchantments, extremely
unstealthy
A: retaliatory headbutt, horns 2, blurry vision 1, deformed body, dopey 2, frail
1, screaming 1
a: Burn Spellbooks, Berserk, Trog's Hand, Brothers in Arms, Renounce Religion
}: 1/15 runes: serpentine


You were on level 5 of the Abyss.
You worshipped Trog.
Trog was exalted by your worship.
You were not hungry.

You visited 6 branches of the dungeon, and saw 39 of its levels.
You visited the Abyss 1 time.
You also visited: Bailey and Volcano.

You collected 4025 gold pieces.
You spent 1400 gold pieces at shops.

Inventory:

Hand weapons
 a - the +6 battleaxe of Precise Incision {drain, rF+ Int+3}
   (Trog gifted it to you on level 4 of the Snake Pit)

   A truly terrible weapon, it drains the life of those it strikes.
   It affects your intelligence (+3).
   It protects you from fire.
 b - a +1 battleaxe of flaming
 r - a +8 battleaxe of chopping (weapon)
 G - a +2 antimagic executioner's axe
Missiles
 j - 6 silver javelins
 k - 7 javelins (quivered)
Armour
 o - a +1 pair of gloves of dexterity (worn)
 v - a +0 cloak (worn)
 A - a +2 pair of boots of running (worn)
 R - the +7 chain mail "Inwil" (worn) {rF+ rC+ Regen+}
   (You acquired it on level 8 of the Dungeon)

   It protects you from fire.
   It protects you from cold.
   It increases your rate of regeneration.
 Y - the +0 mask of the Dragon (worn) {MR+ Slay+3 SInv}
   (You bought it in a shop on level 12 of the Dungeon)

   It affects your accuracy and damage with ranged weapons and melee attacks
   (+3).
   It affects your resistance to hostile enchantments.
   It enhances your eyesight.
Jewellery
 s - a ring of poison resistance (right hand)
 u - an uncursed amulet of clarity
 y - an amulet of resist mutation (around neck)
 X - the ring "Tilesos" (left hand) {Wiz Slay+3}
   (You found it on level 14 of the Dungeon)

   [ring of wizardry]

   It improves your spell success rate.
   It affects your accuracy and damage with ranged weapons and melee attacks
   (+3).
Magical devices
 h - a wand of polymorph (5)
 p - a wand of disintegration (6)
 x - a wand of invisibility (6)
 D - a wand of cold (5)
 F - a wand of hasting (3)
 I - a wand of fire (8)
 N - a wand of digging (6)
 V - a wand of heal wounds (0)
 W - a wand of fire (12)
Scrolls
 e - 13 scrolls of remove curse
 f - 7 scrolls of blinking
 l - 15 scrolls of teleportation
 n - 4 scrolls of recharging
 t - 2 scrolls of identify
 w - 2 scrolls of holy word
 z - 6 scrolls of fog
 B - 9 scrolls of fear
 E - 4 scrolls of magic mapping
 Q - 6 scrolls of silence
Potions
 d - 3 potions of flight
 i - 7 potions of agility
 C - 3 potions of restore abilities
 H - 3 potions of cancellation
 L - 11 potions of might
 M - 5 potions of curing
 S - 2 potions of invisibility
 Z - 4 potions of resistance
Miscellaneous
 O - a lantern of shadows
Comestibles
 c - 25 bread rations
 g - 17 meat rations
 m - 12 fruits
 J - 8 royal jellies
 T - 5 beef jerkies


   Skills:
 + Level 19.0 Fighting
 - Level 24.5 Axes
 - Level 13.0 Armour
 + Level 21.6 Dodging


You had 18 spell levels left.
You didn't know any spells.

Dungeon Overview and Level Annotations

Branches:
Dungeon (15/15)            Temple (0/1) D:4            Lair (8/8) D:11
  Swamp (5/5) Lair:4        Snake (5/5) Lair:6        Slime (0/6) Lair:8
    Orc (4/4) D:10            Elf (0/3) Orc:4        Vaults (2/5) D:14
 Depths (0/5) D:15
  Crypt: Vaults:2-3

Altars:
Elyvilon
Fedhas
Kikubaaqudgha
Nemelex Xobeh
Okawaru
Ru
Xom
Yredelemnul
The Shining One
Jiyva

Shops:
D:11 !   D:12 [   D:14 !   Orc:1 *%(=(   Orc:4 *(::[

Annotations:
Swamp:2 exclusion: Roxanne, Roxanne
Swamp:5 3 exclusions, Jorgrun


Innate Abilities, Weirdness & Mutations

You reflexively headbutt those who attack you in melee.
You have a pair of horns on your head.
[Scrolls take you a little longer to read.]
[Armour fits poorly on your strangely shaped body.]
[You are very dopey. (Int -4)]
[You are frail (-10% HP).]
[You occasionally shout uncontrollably at your foes.]


Message History

The rakshasa weaves an illusion.
A fire dragon simulacrum comes into view.
You shout at the fire dragon simulacrum!
The fire dragon simulacrum shimmers and seems to become two!
The smoke demon gestures at you. The ball of steam hits you! You resist.
* * * LOW HITPOINT WARNING * * *
The ancient zyme hits you but does no damage.
The ancient zyme completely misses you.
You feel ill.
The large abomination completely misses you.
You furiously retaliate!
You headbutt the large abomination.
The large abomination hits you but does no damage.
The large abomination closely misses you.
You furiously retaliate!
You headbutt the large abomination. The ancient zyme misses you.
The ancient zyme completely misses you.
A starcursed mass splits.
A fire dragon simulacrum comes into view.
The raiju bursts into living lightning!
The living lightning misses the raiju.
The living lightning hits you!
You die...

.. #..##..##.. .#
.##..##.X##. #.'.
....†..R.X....## .
..... ..... .# ≈≈.
##..##..##..#.
≈≈.Z#≈..#X..##†..##
≈≈..≈h≈X3X♣...≈.#.§§
≈≈≈≈≈≈≈hx§xx≈≈≈.X....
≈≈≈♣≈≈≈@Xx≈≈≈≈.†#..§
≈≈≈≈≈≈♣≈≈≈≈≈≈≈≈≈≈...
≈≈≈≈≈≈≈≈∩≈≈≈≈≈≈≈#..
.##..2.h..###..####.
##.....## #..# .#.
##...## #..# # .
##### (.[.# . ..# .


You could see 2 starcursed masses, 4 ancient zymes, 5 large abominations, a
smoke demon, a tormentor, 3 raiju and a fire dragon simulacrum.

Vanquished Creatures
  Mara (twice) (Swamp:4)
  A Hell Sentinel (Abyss:5)
  A tentacled monstrosity (Abyss:5)
  10 tentacled starspawn (Abyss:5)
  A kraken (Abyss:5)
  3 thorn hunters
  7 greater nagas
  Donald (Orc:3)
  Maud (Lair:4)
  A balrug (Abyss:5)
  Aizul (Swamp:3)
  2 vault wardens (Vaults:1)
  A cacodemon (Abyss:5)
  A deep elf sorcerer (Vaults:1)
  An ironheart preserver (Vaults:1)
  The ghost of emiel the Grappler, a powerful NaMo of Cheibriados (Lair:8)
  2 orc warlords (Orc:4)
  An ophan (Abyss:5)
  A deep elf annihilator (Vaults:1)
  Snorg (Lair:8)
  A fire dragon (Vaults:2)
  3 vault guards (Vaults:1)
  Josephine (Lair:7)
  A great orb of eyes (Vaults:1)
  A rakshasa (Abyss:4)
  3 yaktaur captains
  An ice dragon (Vaults:2)
  12 naga warriors
  12 hydras
  A ghost crab (Swamp:3)
  3 centaur warriors
  A death knight (Abyss:5)
  7 alligators
  4 ogre magi
  22 anacondas
  4 orc high priests
  11 naga sharpshooters
  7 thrashing horrors (Abyss:5)
  Urug (D:11)
  9 death yaks
  The ghost of ZiggyStardust the Grappler, an experienced TrTm of Zin (D:8)
  Nergalle (Lair:2)
  4 shadow wraiths
  A soul eater (Abyss:5)
  5 wretched stars (Abyss:5)
  A sun demon (Abyss:5)
  6 shock serpents
  6 skeletal warriors
  2 spatial maelstroms
  A shadow demon (Abyss:5)
  A sea snake (Abyss:5)
  A hell knight (Abyss:5)
  2 unseen horrors
  A spriggan druid (Swamp:3)
  12 naga ritualists
  2 swamp dragons
  2 shambling mangroves (Swamp:3)
  A flayed ghost (Abyss:5)
  A giant orange brain (Abyss:5)
  2 deep elf conjurers (D:15)
  A deep elf summoner (Vaults:1)
  9 orc knights
  A wizard (D:15)
  3 ironbrand convokers (Vaults:1)
  7 hill giants
  2 mana vipers (Snake:5)
  20 ugly things
  6 orc sorcerers
  An orb spider (Abyss:5)
  4 hornets
  9 salamanders
  3 wolf spiders
  2 worldbinders
  2 manticores (D:14)
  11 naga magi
  An apocalypse crab (Abyss:5)
  A griffon (Lair:8)
  The ghost of Radiman the Geomancer, an experienced GrEE of Vehumet (D:6)
  20 guardian serpents
  6 cyclopes
  3 smoke demons
  24 spiny frogs
  23 elephants
  64 black mambas
  2 sixfirhies
  A vault sentinel (Vaults:1)
  2 gargoyles (Volcano)
  22 yaktaurs
  4 kobold demonologists
  9 komodo dragons
  2 tormentors (Abyss:5)
  A demonic crawler (Vaults:1)
  3 efreet
  A redback zombie (D:15)
  A deep elf priest (Vaults:2)
  3 red devils (Abyss:5)
  6 ancient zymes
  A fire drake (Lair:6)
  A queen bee (Lair:4)
  13 two-headed ogres
  11 trolls
  2 freezing wraiths
  12 raiju
  7 blink frogs
  6 baby alligators
  6 giant leeches
  A minotaur skeleton (Abyss:5)
  A boulder beetle (Vaults:1)
  2 bog bodies
  9 small abominations
  A trapdoor spider (D:12)
  20 slime creatures
  A spriggan (Swamp:4)
  12 ravens
  A tarantella (shapeshifter) (D:14)
  A redback (Lair:8)
  47 yaks
  3 ynoxinuls (Abyss:5)
  22 large abominations
  10 starcursed masses (Abyss:5)
  4 wyverns
  A water elemental (D:15)
  A spectral giant leech (Swamp:3)
  9 wraiths
  2 basilisks
  9 flying skulls (Abyss:4)
  2 hungry ghosts
  2 fire elementals
  3 shadows
  A spriggan (shapeshifter) (Vaults:1)
  3 deep elf fighters
  9 vampire mosquitoes
  5 chaos spawn
  2 golden eyes (Abyss:5)
  3 wandering mushrooms (D:9)
  2 deep elf magi
  A steam dragon (D:12)
  2 mottled dragons
  5 wargs
  14 wolves
  10 hippogriffs
  A spatial vortex (Abyss:5)
  27 swamp worms
  16 insubstantial wisps
  A spiny frog zombie (Abyss:4)
  48 nagas
  3 neqoxecs
  6 sky beasts
  3 hell hounds (Abyss:5)
  41 orc warriors
  49 water moccasins
  4 ice beasts
  7 porcupines
  4 spiders (Lair:8)
  4 wasps
  4 swamp drakes
  3 black bears
  28 ogres
  4 eyes of draining
  17 crocodiles
  3 boggarts (Vaults:2)
  6 centaurs
  2 brain worms
  3 phantoms
  5 big kobolds
  21 giant frogs
  7 scorpions
  2 wyvern skeletons
  2 water moccasin skeletons (D:4)
  2 oklob saplings (D:9)
  23 killer bees
  12 wights
  5 jellies
  2 quasits
  3 centaur zombies
  16 hounds
  8 crimson imps
  An iron imp (Vaults:1)
  A giant frog zombie (D:9)
  3 goliath beetles
  Crazy Yiuf (D:3)
  16 orc priests
  Ijyb (D:2)
  14 iguanas
  2 centaur skeletons
  A giant frog skeleton (D:5)
  22 orc wizards
  A spectral orc (Lair:2)
  5 hell rats
  13 worker ants
  24 sheep
  An ogre zombie (D:8)
  A hound skeleton (D:8)
  A mummy (D:9)
  Robin (D:4)
  5 worker ant zombies
  44 adders
  20 gnolls
  100 river rats
  A worm (D:5)
  5 shadow imps
  7 ufetubi
  An adder zombie (D:9)
  5 giant geckos
  An ooze (D:6)
  142 orcs
  4 ball pythons
  15 bats
  A bat zombie (D:7)
  7 giant cockroaches
  25 goblins
  26 hobgoblins
  17 jackals
  13 quokkas
  A giant gecko skeleton (D:4)
  8 giant newts
  4 giant spores
  A jackal zombie (D:7)
  40 kobolds
  A quokka zombie (D:8)
  22 rats
  5 ballistomycetes
  6 briar patches
  A bush (Lair:7)
  14 fungi
  10 plants
  5 starspawn tentacles (Abyss:5)
  A tentacle (Abyss:5)
1818 creatures vanquished.

Vanquished Creatures (collateral kills)
  A greater naga (Snake:5)
  Nessos (Lair:8)
  A naga warrior (Snake:5)
  A sixfirhy (Abyss:5)
  A guardian serpent (Snake:5)
  2 neqoxecs (Abyss:5)
7 creatures vanquished.

Vanquished Creatures (others)
  A tentacled starspawn (Abyss:5)
  A greater naga (Snake:5)
  A hill giant (Abyss:5)
  2 large abominations (Abyss:5)
  A spatial vortex (Abyss:5)
  A swamp worm (shapeshifter) (Abyss:5)
  A small abomination (Abyss:5)
  A sky beast (D:12)
  A river rat (Lair:6)
  A goblin (Orc:2)
  5 lurking horrors (Abyss:5)
  3 briar patches
  17 fungi
  3 plants
  33 starspawn tentacles (Abyss:5)
  106 starspawn tentacle segments (Abyss:5)
  3 tentacles (Abyss:5)
  2 tentacle segments (Abyss:5)
183 creatures vanquished.

Grand Total: 2008 creatures vanquished

Notes
Turn   | Place    | Note
--------------------------------------------------------------
     0 | D:1      | xgamer67, the Minotaur Berserker, began the quest for the Orb.
     0 | D:1      | Reached XP level 1. HP: 19/19 MP: 0/0
    61 | D:1      | Reached skill level 4 in Axes
   240 | D:1      | Reached XP level 2. HP: 26/26 MP: 1/1
   449 | D:1      | Acquired Trog's second power
   534 | D:2      | Reached skill level 5 in Axes
   664 | D:2      | Reached XP level 3. HP: 27/31 MP: 2/2
   757 | D:2      | Noticed Ijyb
   782 | D:2      | Killed Ijyb
   863 | D:2      | Reached XP level 4. HP: 37/39 MP: 3/3
   936 | D:2      | Reached skill level 6 in Axes
  1639 | D:3      | Noticed a sky beast
  1657 | D:3      | Killed a sky beast
  1657 | D:3      | Reached skill level 8 in Axes
  1657 | D:3      | Reached XP level 5. HP: 45/45 MP: 4/4
  1874 | D:3      | Reached XP level 6. HP: 43/51 MP: 5/5
  2031 | D:3      | Noticed Crazy Yiuf
  2038 | D:3      | Killed Crazy Yiuf
  2193 | D:4      | Acquired Trog's third power
  2526 | D:4      | Reached XP level 7. HP: 51/57 MP: 6/6
  2567 | D:4      | Reached skill level 9 in Axes
  2567 | D:4      | Reached skill level 5 in Armour
  2860 | D:4      | Found a shimmering altar of Xom.
  2870 | D:4      | Found a sparkling altar of Nemelex Xobeh.
  2870 | D:4      | Found a glowing golden altar of the Shining One.
  2873 | D:4      | Found an iron altar of Okawaru.
  2921 | D:4      | Found a staircase to the Ecumenical Temple.
  2928 | D:4      | Noticed Robin
  2966 | D:4      | Killed Robin
  3110 | D:4      | Found a white marble altar of Elyvilon.
  3113 | D:4      | Found a basalt altar of Yredelemnul.
  3114 | D:4      | Found a sacrificial altar of Ru.
  3312 | D:5      | Entered Level 5 of the Dungeon
  3689 | D:5      | Reached skill level 10 in Axes
  3995 | D:5      | Reached XP level 8. HP: 53/64 MP: 7/7
  4218 | D:5      | Received a gift from Trog
  4822 | D:6      | Found a sacrificial altar of Ru.
  4826 | D:6      | Noticed Radiman's ghost (experienced GrEE)
  4836 | D:6      | Killed Radiman's ghost
  4836 | D:6      | Reached skill level 11 in Axes
  5747 | D:7      | Reached XP level 9. HP: 56/70 MP: 8/8
  6144 | D:8      | Reached skill level 12 in Axes
  6144 | D:8      | Reached skill level 5 in Dodging
  6305 | D:8      | Received a gift from Trog
  6333 | D:8      | Identified 2 scrolls of acquirement
  6334 | D:8      | Got a steaming chain mail
  6345 | D:8      | Identified the +7 chain mail "Inwil" {rF+ rC+ Regen+} (You acquired it on level 8 of the Dungeon)
  6506 | D:8      | Noticed ZiggyStardust's ghost (experienced TrTm)
  6512 | D:8      | Killed ZiggyStardust's ghost
  6512 | D:8      | Reached skill level 5 in Fighting
  6607 | D:8      | Reached skill level 13 in Axes
  6617 | D:8      | Received a gift from Trog
  6733 | D:9      | Found a blossoming altar of Fedhas.
  6818 | D:9      | Reached XP level 10. HP: 81/81 MP: 9/9
  6869 | D:9      | Reached skill level 14 in Axes
  7147 | D:9      | Received a gift from Trog
  7216 | D:9      | Reached skill level 15 in Axes
  8061 | D:10     | Entered Level 10 of the Dungeon
  8066 | D:10     | Reached XP level 11. HP: 80/88 MP: 10/10
  8189 | D:10     | Found a staircase to the Orcish Mines.
  8245 | D:10     | Received a gift from Trog
  8816 | D:11     | Noticed Urug
  8829 | D:11     | Killed Urug
  8837 | D:11     | Found a flagged portal.
  8864 | Bailey   | Entered a bailey
  9029 | Bailey   | Reached skill level 16 in Axes
  9272 | D:11     | Found a staircase to the Lair.
  9273 | D:11     | Noticed a hill giant
  9274 | D:11     | Noticed a hill giant
  9361 | D:11     | Reached skill level 10 in Armour
  9383 | D:11     | Killed a hill giant
  9427 | D:11     | Reached skill level 10 in Dodging
  9437 | D:11     | Found Gypo's Distillery.
  9446 | D:11     | Bought a potion of haste for 160 gold pieces
  9446 | D:11     | Bought a potion of resistance for 160 gold pieces
  9446 | D:11     | Bought a potion of might for 64 gold pieces
  9446 | D:11     | Bought a potion of mutation for 40 gold pieces
  9512 | D:11     | Killed a hill giant
  9525 | D:11     | Noticed a hill giant
  9530 | D:11     | Killed a hill giant
  9609 | D:11     | Reached skill level 17 in Axes
  9620 | D:11     | Reached XP level 12. HP: 49/94 MP: 11/11
 10042 | Lair:1   | Entered Level 1 of the Lair of Beasts
 10063 | Lair:1   | Received a gift from Trog
 10070 | Lair:1   | Upgraded the game from 0.17-a0-469-g696e5a1 to 0.17-a0-477-g451446c
 10880 | Lair:1   | Reached skill level 18 in Axes
 11350 | Lair:2   | Received a gift from Trog
 11903 | Lair:2   | Noticed Nergalle
 11910 | Lair:2   | Killed Nergalle
 12054 | Lair:3   | Found an ancient bone altar of Kikubaaqudgha.
 12159 | Lair:3   | Reached XP level 13. HP: 111/111 MP: 12/12
 13168 | Lair:4   | Noticed Maud
 13177 | Lair:4   | Killed Maud
 13177 | Lair:4   | Reached skill level 10 in Fighting
 13177 | Lair:4   | Reached skill level 19 in Axes
 13542 | Lair:4   | Received a gift from Trog
 13640 | Lair:4   | Found a staircase to the Swamp.
 14957 | Lair:7   | Noticed Josephine
 14967 | Lair:7   | Killed Josephine
 14970 | Lair:7   | Reached skill level 20 in Axes
 15098 | Lair:7   | Reached XP level 14. HP: 115/121 MP: 13/13
 15121 | Lair:7   | Received a gift from Trog
 15632 | Lair:8   | Entered Level 8 of the Lair of Beasts
 15744 | Lair:8   | Received a gift from Trog
 15812 | Lair:8   | Noticed Nessos
 15828 | Lair:8   | Killed Nessos
 16027 | Lair:8   | Found a dark tunnel.
 16063 | Volcano  | Entered a volcano
 16270 | Lair:8   | Noticed emiel's ghost (powerful NaMo)
 16361 | Lair:8   | Killed emiel's ghost
 16516 | Lair:8   | Found a viscous altar of Jiyva.
 16517 | Lair:8   | Found a staircase to the Slime Pits.
 16635 | Lair:8   | Received a gift from Trog
 16704 | Lair:8   | Noticed Snorg
 16718 | Lair:8   | Killed Snorg
 17284 | Lair:6   | Found a staircase to the Snake Pit.
 18381 | Orc:1    | Entered Level 1 of the Orcish Mines
 18385 | Orc:1    | Found Qacs's Food Shop.
 18386 | Orc:1    | Found Sinkahoj's Weapon Emporium.
 18393 | Orc:1    | Found Qatahiap's Jewellery Emporium.
 18428 | Orc:1    | Found Negak's General Store.
 18454 | Orc:1    | Bought a scroll of identify for 22 gold pieces
 18546 | Orc:1    | Found Ymuedgh's Antique Weapon Shop.
 18707 | Orc:2    | Received a gift from Trog
 18712 | Orc:2    | Upgraded the game from 0.17-a0-477-g451446c to 0.17-a0-483-g810ce3f
 19131 | Orc:3    | Noticed Donald
 19145 | Orc:3    | Killed Donald
 19865 | Orc:4    | Entered Level 4 of the Orcish Mines
 19865 | Orc:4    | Found Kuramm's Antique Weapon Boutique.
 20033 | Orc:4    | Received a gift from Trog
 20057 | Orc:4    | Found Watotat's Book Shop.
 20061 | Orc:4    | Reached skill level 15 in Dodging
 20066 | Orc:4    | Reached XP level 15. HP: 90/129 MP: 14/14
 20336 | Orc:4    | Found Qeask's Antique Armour Boutique.
 20439 | Orc:4    | Bought a pair of runed boots for 166 gold pieces
 20444 | Orc:4    | Identified a +1 pair of boots of running (You bought it in a shop on level 4 of the Orcish Mines)
 20494 | Orc:4    | Found Nesath's Book Shoppe.
 20647 | Orc:4    | Noticed an orc warlord
 20680 | Orc:4    | Killed an orc warlord
 20712 | Orc:4    | Found Iklielesm's General Store.
 20759 | Orc:4    | Found a staircase to the Elven Halls.
 20766 | Orc:4    | Received a gift from Trog
 21188 | D:12     | Found Xijupnap's Armour Emporium.
 21191 | D:12     | Bought a +0 pair of gloves for 72 gold pieces
 21191 | D:12     | Bought the +0 mask of the Dragon {MR+ Slay+3 SInv} for 534 gold pieces
 22650 | D:14     | Got a bound bone ring
 22652 | D:14     | Identified the ring "Tilesos" {Wiz Slay+3} (You found it on level 14 of the Dungeon)
 22654 | D:14     | Found Woruum's Distillery.
 22694 | D:14     | Bought a potion of heal wounds for 70 gold pieces
 22694 | D:14     | Bought a potion of heal wounds for 70 gold pieces
 22694 | D:14     | Bought a potion of curing for 42 gold pieces
 22716 | D:14     | Found a gate to the Vaults.
 22894 | D:14     | Received a gift from Trog
 23071 | D:15     | Entered Level 15 of the Dungeon
 23452 | D:15     | Reached skill level 21 in Axes
 23617 | D:15     | Found a staircase to the Depths.
 24019 | Swamp:1  | Entered Level 1 of the Swamp
 24337 | Swamp:1  | Received a gift from Trog
 24801 | Swamp:2  | Reached XP level 16. HP: 118/143 MP: 15/15
 24818 | Swamp:2  | Noticed Roxanne
 25701 | Swamp:3  | Received a gift from Trog
 25765 | Swamp:3  | Noticed Aizul
 25782 | Swamp:3  | Killed Aizul
 26212 | Swamp:4  | Noticed Mara
 26320 | Swamp:4  | Noticed xgamer67's illusion
 26358 | Swamp:4  | Killed Mara
 26557 | Swamp:4  | Killed Mara
 27118 | Swamp:5  | Entered Level 5 of the Swamp
 27321 | Swamp:5  | Noticed Jorgrun
 27604 | Snake:1  | Entered Level 1 of the Snake Pit
 27604 | Snake:1  | Found an iron altar of Okawaru.
 27634 | Snake:1  | Received a gift from Trog
 28094 | Snake:1  | Reached skill level 15 in Fighting
 28138 | Snake:1  | Reached XP level 17. HP: 156/156 MP: 16/16
 29742 | Snake:3  | Reached skill level 22 in Axes
 29844 | Snake:4  | Received a gift from Trog
 29848 | Snake:4  | Got an ancient battleaxe {god gift}
 29849 | Snake:4  | Identified the +6 battleaxe of Precise Incision {drain, rF+ Int+3} (Trog gifted it to you on level 4 of the Snake Pit)
 30261 | Snake:4  | Received a gift from Trog
 30335 | Snake:5  | Entered Level 5 of the Snake Pit
 30405 | Snake:5  | Reached skill level 23 in Axes
 31397 | Snake:5  | Received a gift from Trog
 31469 | Snake:5  | Reached XP level 18. HP: 158/163 MP: 17/17
 31471 | Snake:5  | Reached skill level 24 in Axes
 31668 | Snake:5  | Received a gift from Trog
 31910 | Snake:5  | Got a serpentine rune of Zot
 32339 | Vaults:1 | Entered Level 1 of the Vaults
 32583 | Vaults:1 | Received a gift from Trog
 32979 | Vaults:1 | Received a gift from Trog
 33753 | Vaults:2 | Reached XP level 19. HP: 147/177 MP: 18/18
 33873 | Vaults:2 | Cast into the Abyss (a deep elf sorcerer)
 33873 | Abyss:1  | Found a corrupted altar of Lugonu.
 33967 | Abyss:2  | Noticed a lich
 34385 | Abyss:5  | Entered Level 5 of the Abyss
 34761 | Abyss:5  | Found a corrupted altar of Lugonu.
 34928 | Abyss:5  | Found a corrupted altar of Lugonu.
 34948 | Abyss:5  | Received a gift from Trog
 34949 | Abyss:5  | Got an encrusted battleaxe {god gift}
 34950 | Abyss:5  | Identified the +2 battleaxe of Doubt {chop, Str+8 Stlth-} (Trog gifted it to you on level 5 of the Abyss)
 35216 | Abyss:5  | Found a corrupted altar of Lugonu.
 35601 | Abyss:5  | Lost intelligence.
 35620 | Abyss:5  | HP: 4/162 [wretched star/orb of energy (18)]
 35642 | Abyss:5  | Killed from afar by a raiju

Action                   |  1- 3 |  4- 6 |  7- 9 | 10-12 | 13-15 | 16-18 | 19-21 || total
-------------------------+-------+-------+-------+-------+-------+-------+-------++-------
Melee: Hand axe          |    53 |   161 |       |       |       |       |       ||   214
       War axe           |       |       |   321 |       |       |       |       ||   321
       Battleaxe         |       |       |    51 |   739 |  1204 |  1073 |   434 ||  3501
       Executioner's axe |       |       |       |     2 |       |       |       ||     2
       Broad axe         |       |       |       |       |    30 |     3 |       ||    33
Throw: Javelin           |     3 |     3 |     4 |       |       |       |       ||    10
       Stone             |       |       |     2 |       |       |       |       ||     2
       Tomahawk          |       |       |       |       |     3 |       |       ||     3
Invok: Berserk           |     1 |     1 |     2 |     3 |     5 |     3 |     1 ||    16
       Burn Spellbooks   |       |       |       |     1 |     1 |     3 |     1 ||     6
       Brothers in Arms  |       |       |       |       |     1 |     1 |     1 ||     3
       Trog's Hand       |       |       |       |       |     1 |       |       ||     1
Evoke: Wand              |       |       |       |     1 |     1 |       |    18 ||    20
       Phantom mirror    |       |       |       |       |       |     1 |       ||     1
  Use: Scroll            |     1 |     3 |    11 |     4 |    14 |    11 |     6 ||    50
       Potion            |       |       |       |     4 |     5 |     2 |     8 ||    19
 Stab: Distracted        |       |       |       |       |       |     2 |     1 ||     3
  Eat: Chunk             |     1 |     6 |    15 |    18 |    37 |    26 |     1 ||   104
       Beef jerky        |       |       |     1 |       |       |       |       ||     1
       Fruit             |       |       |       |     4 |     5 |     6 |     5 ||    20
       Pizza             |       |       |       |       |     2 |       |       ||     2
       Bread ration      |       |       |       |       |       |       |     1 ||     1
